 Dungeon Crawl Stone Soup version 0.29.1-15-g9cfb28693d (webtiles) character file.

Game seed: 2234315955050461847

22 QwertyIsDirtey the Chopper (level 2, -4/27 HPs)
             Began as a Minotaur Berserker on Mar 24, 2023.
             Was a Follower of Trog.
             Slain by a gnoll
             ... wielding a +0 flail
              (6 damage)
             ... on level 2 of the Dungeon.
             The game lasted 00:03:20 (840 turns).

QwertyIsDirtey the Chopper (Minotaur Berserker)      Turns: 840, Time: 00:03:23

Health: -4/27      AC:  2    Str: 21    XL:     2   Next: 68%
Magic:  1/1        EV: 11    Int:  4    God:    Trog [*.....]
Gold:   87         SH:  2    Dex:  9    Spells: 1/1 levels left

rFire   . . .      SeeInvis .   a - +0 hand axe
rCold   . . .      Faith    .   o - +0 buckler
rNeg    . . .      Spirit   .   b - +0 animal skin
rPois   .          Reflect  .   (helmet restricted)
rElec   .          Harm     .   (no cloak)
rCorr   .          Rampage  .   (no gloves)
Will    .....                   (no boots)
Stlth   +.........              (no amulet)
HPRegen 0.09/turn               (no ring)
MPRegen 0.07/turn               (no ring)

@: no status effects
A: horns 2, retaliatory headbutt
a: Renounce Religion, Berserk


You were on level 2 of the Dungeon.
You worshipped Trog.
Trog was aware of your devotion.
You visited 1 branch of the dungeon, and saw 2 of its levels.

You collected 87 gold pieces.

Inventory:

Hand Weapons
 a - a +0 hand axe (weapon)
 j - a +0 short sword
 k - a +0 hand axe
 n - a +0 spear
Armour
 b - a +0 animal skin (worn)
 m - a +0 robe
 o - a +0 buckler (worn)
Scrolls
 e - a scroll of identify {unknown}
 f - a scroll of noise {unknown}
 g - a scroll of torment {unknown}
 i - a scroll of fear {unknown}
 l - a scroll of immolation {unknown}
Potions
 c - 2 potions of heal wounds {unknown}
 d - a potion of mutation {unknown}
 h - a potion of berserk rage {unknown}
 p - a potion of attraction {unknown}
 q - a potion of cancellation {unknown}


   Skills:
 + Level 4.0 Fighting
 + Level 4.2 Axes
 + Level 2.6 Armour
 + Level 2.3 Dodging
 + Level 0.3 Stealth


You had one spell level left.
You didn't know any spells.
Your spell library contained the following spells:

 Spells                   Type           Power      Damage    Failure   Level
 Necrotise                Necr           0%         1d4       61%         1
 Dazzling Flash           Conj/Hex       0%         N/A       93%         3
 Vampiric Draining        Necr           0%         2d6       93%         3
 Agony                    Necr           0%         N/A       100%        5
 Iron Shot                Conj/Erth      0%         9d1       100%        6
 Fire Storm               Conj/Fire      0%         5d1       100%        9


Dungeon Overview and Level Annotations

Branches:
Dungeon (2/15)

Altars:


Innate Abilities, Weirdness & Mutations

You have a pair of horns on your head.
You reflexively headbutt those who attack you in melee.


Message History

q - a clear potion A rat comes into view.
A gnoll comes into view. It is wielding a +0 flail.
Found 2 glowing emerald potions.
A gnoll comes into view. It is wielding a +0 flail.
The gnoll shouts!
The rat bites you.
A gnoll comes into view. It is wielding a +0 halberd.
The rat barely misses you.
The gnoll shouts!
You hit the rat.
You kill the rat!
Trog accepts your kill.
You hit the gnoll but do no damage. The gnoll misses you.
You completely miss the gnoll. You headbutt the gnoll.
The gnoll is moderately wounded.
The gnoll misses you.
You hit the gnoll but do no damage.
The gnoll is moderately wounded.
You hit the gnoll. The gnoll barely misses you.
The gnoll hits you with a +0 flail. The gnoll barely misses you.
The gnoll hits you with a +0 halberd!
* * * LOW HITPOINT WARNING * * *
You slash the gnoll!
The gnoll is heavily wounded.
You hit the gnoll. You barely miss the gnoll. The gnoll closely misses you.
You furiously retaliate!
You headbutt the gnoll! The gnoll closely misses you. You furiously retaliate!
You headbutt the gnoll. The gnoll hits you with a +0 flail.
* * * LOW HITPOINT WARNING * * *
The gnoll hits you with a +0 flail.
* * * LOW HITPOINT WARNING * * *
The gnoll barely misses you. The gnoll closely misses you.
You hit the gnoll but do no damage.
The gnoll is almost dead.
You hit the gnoll. x2
You kill the gnoll!
Trog accepts your kill. The gnoll barely misses you.
The gnoll hits you with a +0 flail.
You die...

##......##...........
########............
.................
##.#.###.........
.....#######'###
#########.#..#### ##.#..
..........#.....# #....#
........).#.....###...##
......g@..............+
.......g$.#.#.........##
..........#.#..........#
...!.................)..
.####..................#
#...................
#............(....#..
#.................#..
...#.###.......#..


You could see 2 gnolls.

Vanquished Creatures
  A gnoll (D:2)
  A dart slug (D:1)
  3 ball pythons
  An endoplasm (D:2)
  A goblin (D:1)
  4 hobgoblins
  A quokka (D:1)
  2 bats (D:1)
  A frilled lizard (D:1)
  2 kobolds (D:1)
  3 rats (D:2)
20 creatures vanquished.

Notes
Turn   | Place    | Note
-------+----------+-------------------------------------------
     0 | D:1      | QwertyIsDirtey the Minotaur Berserker began the quest for
                  | the Orb.
     0 | D:1      | Reached XP level 1. HP: 19/19 MP: 0/0
   340 | D:1      | Reached XP level 2. HP: 9/27 MP: 1/1
   718 | D:2      | Got Qowimo's Monograph on Conflict
   840 | D:2      | Slain by a gnoll

Illustrated notes

Levels and vault maps discovered:
D:1:      mrwooster_arrival_statue_3, layout_loops_corners,
          shapermc_ecumenical_altar_ellora
D:2:      layout_basic, basic_altar, kennysheep_another_room,
          kennysheep_doodads, minmay_divided_ellipse

Skill      XL: |  1  2 |
---------------+-------+-----
Axes           | 4 |  4.2
Fighting       | 4 |  4.0
Armour         | |  2.6
Dodging        | |  2.3
Stealth        | |  0.3

Action                   || total
-------------------------++-------
Melee: Hand axe          ||    36
       Headbutt          ||     4
Armor: Animal skin       ||     8
Dodge: Dodged            ||    44
Block: Buckler           ||     1
